Map: Flashback EE

Players

PipeNet

  • Race: Protoss Protoss
  • League: Silver
  • Spawn Location: 9:00

RickHunter

  • Race: Protoss Protoss
  • Spawn Location: 11:00

PeterNet

  • Race: Terran Terran
  • League: Silver
  • Spawn Location: 11:00

TATORREA - Winner!

  • Race: Protoss Protoss
  • League: Gold
  • Spawn Location: 7:00

tigro - Winner!

  • Race: Terran Terran
  • League: Bronze
  • Spawn Location: 7:00

MrFercho - Winner!

  • Race: Zerg Zerg
  • League: Silver
  • Spawn Location: 7:00

VOD

Have the link to the VOD?

Description

Time

  • Played on: July 2, 2020, 10:01 p.m.
  • Length: 28:01
Show
View Real Time Build Order
Export as new Build Order

PipeNet Protoss 

Build Orders: Carriers 

Get SALT Encoding   

  1  0:00  Probe  
  13  0:08  Probe  
  14  0:21  Pylon  
  14  0:23  Probe  
  15  0:39  Probe  
  15  0:41  Forge  
  16  0:51  Probe  
  17  1:02  Pylon  
  17  1:12  Pylon  
  17  1:35  Photon Cannon  
  17  1:37  Photon Cannon  
  16  1:54  Pylon  
  16  2:14  Photon Cannon  
  15  2:22  Probe  
  16  2:32  Probe  
  16  2:35  Gateway  
  17  2:40  Probe  
  18  2:44  Assimilator  
  18  2:45  Nexus  
  18  2:47  Assimilator  
  18  2:48  Probe  
  19  3:03  Pylon  
  19  3:08  Probe  
  19  3:09  Assimilator  
  20  3:13  Assimilator  
  20  3:16  Probe  
  21  3:32  Nexus  
  21  3:35  Probe  
  22  3:47  Probe  
  23  3:50  Cybernetics Core  
  23  3:58  Probe  
  23  3:59  Probe  
  25  4:06  Probe  
  25  4:11  Probe  
  25  4:14  Pylon  
  25  4:16  Probe  
  27  4:18  Pylon  
  28  4:25  Pylon, Probe  
  28  4:28  Probe  
  30  4:40  Probe  
  30  4:41  Probe  
  32  4:53  Probe  
  32  4:56  Stargate  
  32  4:57  Stargate  
  33  5:00  Probe  
  34  5:11  Assimilator  
  34  5:12  Probe  
  34  5:13  Probe x2  
  35  5:16  Assimilator  
  35  5:21  Probe x2  
  37  5:23  Probe  
  40  5:30  Probe  
  40  5:31  Probe  
  42  5:38  Protoss Air Weapons Level 1  
  42  5:39  Photon Cannon  
  42  5:42  Photon Cannon  
  42  5:47  Photon Cannon, Probe  
  42  5:51  Photon Cannon  
  42  5:55  Probe  
  43  5:59  Probe  
  43  6:02  Probe  
  46  6:08  Void Ray  
  50  6:13  Void Ray  
  50  6:14  Probe  
  55  6:26  Probe  
  55  6:29  Fleet Beacon  
  56  6:35  Stargate  
  56  6:39  Pylon  
  56  6:43  Probe  
  57  6:56  Probe  
  58  7:02  Void Ray  
  58  7:08  Probe, Stargate  
  63  7:19  Stargate  
  63  7:20  Probe  
  63  7:21  Probe  
  65  7:29  Probe  
  65  7:33  Probe  
  67  7:37  Probe  
  67  7:41  Void Ray x2  
  76  7:45  Unknown  
  76  7:46  Probe  
  77  7:58  Probe  
  77  8:05  Void Ray  
  82  8:16  Protoss Air Armor Level 1  
  82  8:25  Pylon  
  82  8:27  Pylon  
  82  8:28  Pylon  
  82  8:30  Pylon  
  82  8:32  Pylon  
  82  8:34  Pylon  
  82  8:36  Carrier  
  82  8:37  Nexus  
  88  8:43  Carrier  
  94  8:55  Photon Cannon  
  94  8:56  Photon Cannon  
  94  8:58  Photon Cannon  
  94  9:00  Photon Cannon  
  94  9:02  Photon Cannon  
  94  9:04  Shield Battery  
  94  9:05  Shield Battery  
  94  9:10  Shield Battery  
  94  9:13  Assimilator  
  94  9:17  Assimilator  
  94  9:27  Stargate  
  94  9:28  Stargate  
  94  9:32  Stargate  
  94  10:26  Carrier x3  
  94  10:27  Carrier x2  
  124  10:33  Probe  
  124  10:41  Probe  
  126  10:50  Probe  
  127  11:02  Probe  
  128  11:07  Carrier x2  
  120  11:39  Probe  
  87  13:18  Carrier x3  
  87  13:19  Carrier x4  
  117  13:20  Carrier  
  123  13:48  Pylon  
  117  13:57  Protoss Air Weapons Level 2  
  117  14:00  Stargate  
  117  14:01  Stargate  
  117  14:08  Cybernetics Core  
  111  15:24  Pylon  
  111  15:25  Pylon  
  111  15:27  Pylon  
  111  15:29  Carrier x3  
  129  15:42  Carrier, Pylon  
  135  15:43  Pylon, Carrier x2  
  135  15:45  Carrier  
  135  15:46  Pylon  
  135  15:48  Pylon  
  153  16:00  Carrier  
  153  16:02  Carrier  
  92  17:43  Carrier  
  92  17:44  Carrier x5  
  128  18:20  Carrier  
  128  18:23  Carrier  
  128  18:31  Carrier  
  116  18:48  Carrier x2  
  128  19:08  Nexus  
  128  19:10  Pylon  
  128  19:12  Pylon  
  128  19:14  Pylon  
  128  19:16  Pylon  
  128  19:18  Pylon  
  128  19:22  Assimilator  
  128  19:27  Assimilator  
  128  19:29  Carrier  
  134  19:47  Pylon  
  134  20:54  Carrier  
  62  22:33  Pylon  
  62  22:35  Pylon  
  62  22:37  Pylon  
  49  23:30  Photon Cannon  
  49  23:33  Photon Cannon  
  48  23:43  Carrier  
  48  23:44  Carrier x2  
  63  24:09  Carrier  
Show
View Real Time Build Order
Export as new Build Order

RickHunter Protoss 

Build Orders: Carriers 

Get SALT Encoding   

  1  0:00  Probe  
  12  0:05  Probe  
  14  0:15  Probe  
  15  0:22  Pylon  
  15  0:39  Pylon  
  15  0:40  Probe  
  16  0:44  Pylon  
  16  0:52  Probe  
  17  1:04  Probe  
  18  1:05  Gateway  
  18  1:17  Forge  
  18  1:24  Assimilator  
  18  1:25  Probe  
  18  1:30  Assimilator  
  19  1:33  Probe  
  20  1:44  Probe  
  21  1:56  Probe  
  22  2:07  Photon Cannon, Zealot  
  24  2:15  Photon Cannon  
  24  2:22  Photon Cannon  
  24  2:28  Pylon  
  24  2:34  Pylon  
  24  2:50  Cybernetics Core  
  24  3:15  Nexus  
  24  3:21  Pylon  
  24  3:27  Assimilator  
  24  3:33  Assimilator  
  24  3:36  Probe  
  25  3:45  Probe  
  25  3:53  Probe  
  27  4:04  Probe  
  28  4:12  Probe  
  29  4:20  Probe  
  29  4:26  Probe  
  31  4:32  Probe  
  31  4:34  Probe  
  33  4:42  Probe  
  33  4:44  Probe, Stargate x2  
  34  4:50  Stargate  
  35  4:54  Probe  
  35  4:56  Stargate  
  36  5:04  Probe  
  36  5:06  Probe  
  37  5:12  Probe  
  38  5:18  Probe  
  40  5:22  Probe  
  40  5:27  Pylon x2, Probe  
  41  5:35  Probe  
  42  5:40  Void Ray  
  47  5:43  Void Ray  
  47  5:45  Probe  
  52  5:53  Void Ray  
  56  6:07  Void Ray  
  60  6:23  Fleet Beacon  
  60  6:27  Pylon  
  60  6:28  Pylon  
  60  6:30  Pylon x2  
  60  6:32  Probe  
  61  6:43  Void Ray  
  61  6:44  Probe  
  66  6:50  Void Ray  
  70  6:58  Unknown  
  70  7:05  Void Ray  
  74  7:16  Protoss Shields Level 1  
  74  7:27  Void Ray  
  78  7:38  Nexus  
  78  7:47  Pylon  
  78  7:49  Pylon  
  78  7:52  Pylon  
  78  7:55  Assimilator  
  78  7:58  Void Ray  
  78  7:59  Assimilator  
  82  8:06  Void Ray  
  86  8:16  Void Ray  
  90  8:37  Protoss Air Armor Level 1  
  90  8:40  Void Ray  
  94  8:47  Probe  
  94  8:55  Probe  
  95  8:59  Carrier  
  102  9:04  Probe  
  103  9:12  Carrier  
  103  9:16  Probe  
  110  9:24  Carrier  
  110  9:28  Probe  
  117  9:40  Probe  
  118  9:51  Carrier  
  124  9:52  Probe  
  125  10:05  Probe  
  126  10:17  Probe  
  99  10:45  Protoss Air Weapons Level 1  
  91  10:53  Carrier  
  91  10:54  Carrier x2  
  101  11:14  Stargate x2  
  101  11:17  Stargate  
  101  11:19  Robotics Facility  
  101  11:22  Robotics Facility  
  101  11:24  Pylon  
  101  11:25  Probe  
  101  11:26  Pylon  
  101  11:28  Pylon  
  102  11:34  Probe  
  102  11:38  Void Ray  
  107  11:43  Probe  
  106  11:57  Void Ray  
  64  12:26  Immortal x2  
  67  12:50  Phoenix x2  
  67  12:51  Phoenix  
  73  12:56  Void Ray x2  
  81  13:02  Assimilator  
  81  13:08  Pylon  
  81  13:11  Pylon x2  
  81  13:15  Phoenix x2  
  81  13:16  Phoenix  
  81  13:19  Robotics Bay  
  87  13:24  Photon Cannon  
  87  13:25  Photon Cannon x2  
  87  13:29  Photon Cannon  
  87  13:31  Photon Cannon  
  87  13:34  Photon Cannon  
  87  13:35  Photon Cannon  
  87  13:37  Photon Cannon, Probe  
  87  13:39  Photon Cannon  
  87  13:40  Phoenix  
  90  13:45  Probe  
  90  13:55  Probe  
  92  14:07  Probe, Nexus  
  93  14:12  Assimilator  
  93  14:13  Colossus  
  93  14:14  Colossus  
  105  14:17  Assimilator  
  105  14:46  Carrier  
  105  14:47  Carrier x2  
  123  14:53  Carrier  
  99  15:25  Carrier  
  99  15:26  Carrier  
  107  15:31  Probe  
  108  15:39  Probe  
  108  15:48  Probe  
  109  15:54  Colossus  
  109  15:55  Colossus  
  122  16:00  Probe  
  123  16:12  Probe  
  123  16:13  Carrier  
  112  17:31  Carrier x3  
  112  17:32  Carrier x3  
  136  17:57  Colossus x2  
  142  18:09  Carrier  
  148  18:35  Pylon  
  148  18:37  Pylon  
  148  18:39  Pylon  
  148  18:46  Pylon  
  148  18:48  Carrier  
  154  18:49  Carrier  
  154  18:52  Observer  
  137  19:32  Carrier x2  
  149  19:39  Colossus  
  119  21:09  Observer  
  120  21:11  Observer  
  121  21:32  Colossus  
  127  21:58  Carrier  
  127  21:59  Carrier x3  
  97  23:01  Carrier x2  
  97  23:02  Carrier  
  115  23:15  Photon Cannon  
  115  23:16  Photon Cannon  
  115  23:18  Photon Cannon  
  115  23:19  Photon Cannon  
  115  23:20  Photon Cannon  
  115  23:23  Photon Cannon  
Show
View Real Time Build Order
Export as new Build Order

PeterNet Terran 

Build Orders: Command Center First (CC) 

Get SALT Encoding   

  12  0:02  SCV  
  14  0:14  SCV  
  14  0:20  Supply Depot  
  14  0:26  SCV  
  15  0:42  SCV  
  16  0:54  SCV  
  17  1:06  SCV  
  17  1:08  Command Center  
  18  1:12  Refinery  
  18  1:26  Barracks  
  18  1:27  SCV  
  19  1:39  SCV  
  20  1:45  Barracks  
  20  1:52  SCV  
  21  2:02  Supply Depot  
  21  2:06  SCV  
  22  2:14  Barracks  
  22  2:16  Barracks Reactor  
  22  2:24  Orbital Command  
  22  2:34  Orbital Command  
  22  2:38  Barracks Tech Lab  
  22  2:45  Refinery  
  22  2:53  SCV  
  23  3:03  Barracks Reactor  
  23  3:05  SCV  
  24  3:07  Barracks  
  24  3:16  Factory  
  24  3:17  SCV  
  24  3:19  SCV  
  26  3:30  SCV  
  26  3:31  SCV  
  28  3:42  Engineering Bay, SCV  
  28  3:44  SCV  
  30  3:51  Stimpack  
  30  3:53  Marine  
  30  3:54  SCV  
  32  3:56  SCV  
  32  3:58  Barracks Reactor  
  33  4:06  Factory Reactor, SCV  
  33  4:08  SCV  
  35  4:12  Starport  
  35  4:16  Marine  
  36  4:17  Marine x3  
  36  4:18  SCV  
  36  4:20  SCV  
  41  4:25  Missile Turret  
  41  4:26  Missile Turret  
  41  4:30  SCV  
  42  4:33  SCV  
  42  4:37  Supply Depot  
  43  4:41  Supply Depot  
  43  4:42  SCV  
  43  4:43  Widow Mine  
  46  4:54  Supply Depot  
  46  4:57  Starport Reactor  
  46  4:59  Widow Mine, SCV x2  
  50  5:00  Supply Depot  
  50  5:03  Factory  
  50  5:05  Marine x2  
  52  5:11  SCV x2  
  54  5:15  Refinery  
  54  5:17  Refinery  
  54  5:23  SCV x2  
  56  5:32  Marine x3  
  56  5:33  Marine x4  
  56  5:35  Medivac, SCV x2  
  67  5:47  SCV  
  67  5:48  Factory Tech Lab  
  68  6:20  Missile Turret  
  68  6:22  Missile Turret  
  68  6:23  Missile Turret x2  
  68  6:28  Supply Depot x2  
  68  6:30  Medivac  
  68  6:31  Medivac, Supply Depot  
  68  6:32  Marine x2  
  73  6:33  Supply Depot, Marine x2  
  76  6:44  Missile Turret  
  76  7:07  Command Center  
  76  7:09  Marine  
  76  7:10  Marine x6  
  83  7:26  Barracks  
  83  7:27  Marine x2  
  83  7:28  Barracks, Marine x5  
  83  7:29  Barracks  
  90  7:32  Barracks  
  90  7:39  Supply Depot  
  90  7:41  Supply Depot  
  90  7:42  Supply Depot  
  90  7:45  Marine  
  90  7:48  Engineering Bay  
  91  7:57  Armory, Marine  
  91  7:58  Marine x3  
  92  8:03  Medivac  
  97  8:05  Supply Depot  
  97  8:07  Supply Depot  
  97  8:31  Barracks Reactor x2  
  97  8:32  Barracks Reactor x2  
  97  8:34  Missile Turret  
  97  8:36  Missile Turret, SCV x2  
  97  8:40  Missile Turret  
  99  8:43  Orbital Command  
  99  8:48  SCV x2  
  101  8:49  Widow Mine x2  
  105  8:57  Marine  
  105  8:58  Marine x3  
  105  8:59  Marine x3  
  105  9:00  SCV x2  
  114  9:06  Combat Shield  
  114  9:09  Terran Infantry Armor Level 1  
  114  9:10  Terran Infantry Weapons Level 1  
  114  9:12  SCV  
  115  9:21  Supply Depot  
  115  9:22  Supply Depot x2, Marine x4  
  115  9:23  Marine  
  120  9:26  Medivac  
  122  9:53  Marine x10  
  122  9:54  Marine x5  
  137  10:02  SCV  
  137  10:03  SCV  
  137  10:04  Refinery  
  137  10:05  Refinery  
  139  10:10  Marine  
  139  10:11  Marine x5  
  145  10:15  SCV  
  146  10:29  Starport  
  146  10:34  Viking x2  
  150  10:40  Marine  
  150  10:41  Marine x13  
  150  10:42  Marine  
  165  10:58  Marine x2  
  165  10:59  Marine x8  
  165  11:04  Viking x2  
  177  11:07  Starport, SCV x3  
  182  11:15  Widow Mine x2  
  186  11:19  SCV x2  
  186  11:20  SCV  
  189  11:51  SCV  
  189  11:52  SCV  
  189  11:53  Viking  
  189  11:54  Widow Mine x2  
  117  12:15  Widow Mine  
  103  12:16  Widow Mine  
  105  12:29  Marine  
  106  12:30  Marine x14  
  106  12:37  Widow Mine  
  122  12:43  Starport Reactor x2  
  122  12:47  Marine x2  
  122  12:48  Marine x13  
  135  13:05  Marine x5  
  136  13:06  Marine  
  98  13:32  Marine x11  
  98  13:33  Marine x4  
  97  13:39  Medivac x2  
  101  13:49  Marine  
  101  13:50  Marine x13  
  101  13:51  Marine  
  116  13:56  Medivac x2  
  120  14:07  Marine  
  120  14:08  Marine x14  
  135  14:25  Marine x2  
  135  14:26  Marine x13  
  146  14:44  Marine  
  96  14:54  Marine  
  96  14:55  Marine x13  
  110  15:02  Marine  
  111  15:12  Marine x5  
  111  15:13  Marine x2  
  85  15:53  Medivac x3  
  91  16:13  Medivac  
  93  16:33  Marine x6  
  68  17:03  Marine  
  68  17:04  Marine x13  
  80  19:16  Command Center  
  68  20:57  Marine  
  68  20:58  Marine x14  
  83  21:15  Marine x4  
  87  21:36  Command Center  
  87  21:38  Marine x12  
  87  21:39  Marine  
  100  22:00  Marine  
  100  22:01  Marine x14  
  57  22:59  Marine x13  
  57  23:00  Marine x2  
  68  23:14  Bunker  
  68  23:15  Bunker  
  68  23:16  Marine  
  68  23:17  Marine x12  
  68  23:19  Bunker  
  76  23:42  Marine  
  76  23:43  Marine x12  
  89  23:59  Marine x2  
  89  24:00  Marine  
  89  24:01  Marine x4  
  75  24:38  Marine  
  75  24:39  Marine x14  
  90  24:56  Marine  
  25  25:31  Marine x8  
  25  25:32  Marine x7  
  39  25:39  Viking x2  
  43  25:49  Marine x12  
  51  25:50  Marine x2  
  55  26:06  Marine  
  55  26:07  Marine x3  
  11  26:35  Marine x3  
Show
View Real Time Build Order
Export as new Build Order

TATORREA Protoss - Winner!

Build Orders: Double Forge 

Get SALT Encoding   

  12  0:01  Probe  
  13  0:13  Probe  
  14  0:25  Probe  
  14  0:26  Pylon  
  15  0:44  Probe  
  15  0:47  Gateway  
  16  0:56  Probe  
  17  1:07  Assimilator  
  17  1:09  Probe  
  18  1:12  Pylon  
  18  1:21  Probe  
  19  1:33  Probe  
  19  1:34  Zealot  
  22  1:45  Probe  
  23  1:57  Probe  
  24  2:14  Probe  
  25  2:17  Zealot  
  27  2:34  Assimilator  
  27  2:50  Cybernetics Core  
  27  2:55  Nexus  
  27  2:57  Pylon  
  27  3:03  Probe  
  28  3:15  Probe  
  29  3:27  Probe  
  29  3:30  Warp Gate  
  29  3:31  Stalker  
  32  3:39  Probe  
  33  3:42  Gateway  
  33  3:43  Gateway  
  33  3:45  Robotics Facility  
  33  3:46  Forge  
  33  3:48  Forge, Probe  
  34  3:56  Probe  
  34  4:01  Stalker  
  37  4:06  Probe  
  37  4:09  Probe  
  39  4:14  Assimilator  
  39  4:17  Assimilator, Protoss Ground Weapons Level 1  
  39  4:19  Probe  
  40  4:25  Probe  
  41  4:32  Sentry  
  41  4:36  Observer  
  44  4:46  Probe x2  
  46  4:56  Protoss Shields Level 1  
  46  4:57  Immortal  
  50  5:12  Probe x2  
  52  5:24  Nexus  
  52  5:26  Pylon  
  52  5:30  Twilight Council, Probe  
  52  5:31  Probe  
  52  5:42  Probe  
  53  5:43  Probe  
  54  5:55  Protoss Ground Weapons Level 2  
  54  5:56  Pylon  
  54  5:59  Pylon, Probe x2  
  56  6:05  Stalker x2, Pylon  
  60  6:11  Probe  
  60  6:12  Probe  
  60  6:14  Blink  
  62  6:25  Probe x2  
  64  6:38  Forge  
  64  6:42  Photon Cannon  
  64  6:44  Photon Cannon  
  64  6:45  Probe x2  
  64  6:46  Photon Cannon  
  66  6:47  Probe  
  67  6:57  Protoss Shields Level 2  
  67  7:02  Probe x3  
  67  7:04  Protoss Ground Armor Level 1  
  67  7:05  Stalker  
  67  7:06  Stalker x2  
  76  7:15  Probe x3  
  79  7:18  Immortal  
  83  7:51  Probe x2  
  85  7:52  Probe  
  86  8:03  Stargate  
  86  8:11  Stargate  
  86  8:13  Stalker x2  
  86  8:14  Stalker  
  92  8:20  Charge, Nexus  
  92  8:22  Pylon x2  
  92  8:34  Assimilator  
  92  8:35  Pylon  
  92  8:38  Pylon  
  92  8:40  Assimilator  
  92  8:49  Pylon  
  92  8:50  Probe x2  
  92  8:51  Probe  
  92  8:53  Pylon  
  95  8:56  Pylon  
  95  8:59  Protoss Ground Weapons Level 3, Gateway  
  95  9:00  Gateway  
  96  9:02  Gateway, Probe  
  96  9:03  Probe x2  
  98  9:23  Fleet Beacon  
  98  9:27  Gateway  
  98  9:29  Pylon  
  98  9:30  Probe x3  
  101  9:32  Gateway, Pylon  
  101  9:34  Gateway, Probe  
  101  9:35  Pylon  
  102  9:46  Probe x4  
  102  9:50  Pylon  
  102  9:51  Phoenix  
  108  9:54  Pylon  
  108  9:55  Phoenix  
  108  9:57  Pylon  
  110  10:00  Pylon  
  110  10:04  Stalker x3  
  110  10:05  Assimilator  
  115  10:09  Stalker  
  115  10:10  Stalker  
  115  10:11  Assimilator  
  115  10:12  Stalker  
  118  10:18  Phoenix  
  118  10:20  Phoenix  
  96  10:35  Stalker  
  96  10:36  Stalker x3  
  96  10:37  Stalker  
  94  10:49  Stalker  
  90  10:51  Stalker x2  
  90  10:52  Stalker  
  94  11:00  Stalker  
  94  11:01  Probe  
  94  11:02  Probe x2  
  99  11:08  Nexus  
  99  11:10  Pylon  
  91  11:30  Stalker x3  
  91  11:31  Stalker x3  
  91  11:32  Stalker  
  105  11:39  Probe x3  
  108  11:42  Protoss Ground Armor Level 2  
  108  11:46  Void Ray  
  112  11:47  Void Ray  
  112  11:48  Protoss Shields Level 3  
  93  12:41  Stalker x3  
  93  12:42  Stalker x3  
  93  12:43  Stalker x3  
  91  13:36  Stalker x3  
  91  13:37  Stalker x5  
  91  13:38  Stalker  
  109  13:55  Pylon  
  109  13:58  Pylon  
  109  14:01  Pylon  
  109  14:05  Pylon  
  109  14:08  Pylon  
  107  14:10  Pylon  
  101  14:20  Assimilator  
  97  14:24  Assimilator  
  79  14:36  Stalker x3  
  79  14:37  Stalker x3  
  79  14:38  Zealot  
  79  14:39  Zealot x2  
  85  14:51  Gateway  
  85  14:53  Gateway  
  85  14:54  Probe x4  
  85  14:55  Gateway  
  85  14:57  Gateway  
  89  15:00  Gateway  
  89  15:03  Gateway  
  89  15:05  Gateway  
  89  15:07  Gateway  
  89  15:12  Gateway  
  89  15:15  Gateway  
  89  15:17  Gateway  
  89  15:22  Gateway  
  89  15:24  Stalker x2  
  89  15:25  Stalker x2  
  89  15:26  Zealot  
  89  15:27  Gateway, Zealot x4  
  107  15:31  Gateway  
  107  15:34  Gateway, Immortal  
  111  15:51  Stalker x3  
  111  15:52  Zealot x3  
  111  15:53  Zealot x4  
  111  15:54  Zealot x2  
  115  16:18  Protoss Ground Armor Level 3  
  105  16:22  Stalker x3  
  105  16:23  Stalker x4  
  105  16:24  Stalker x4  
  105  16:25  Stalker x3  
  127  16:26  Stalker  
  127  16:30  Stalker  
  85  17:20  Stalker x3  
  85  17:21  Stalker x5  
  85  17:22  Stalker x4  
  95  17:33  Stalker x2  
  95  17:34  Stalker  
  101  17:59  Stalker  
  101  18:00  Stalker  
  101  18:13  Pylon  
  101  18:16  Nexus  
  93  18:41  Pylon  
  93  18:43  Pylon  
  93  18:46  Pylon  
  93  18:55  Anion Pulse-Crystals  
  93  18:56  Phoenix x2  
  97  19:15  Protoss Air Weapons Level 1  
  97  19:21  Phoenix x2  
  101  19:46  Phoenix x2  
  105  19:54  Nexus  
  105  20:05  Stalker  
  105  20:06  Stalker x3  
  113  20:07  Assimilator  
  113  20:11  Phoenix x2  
  113  20:13  Assimilator  
  111  20:36  Phoenix x2  
  111  20:42  Stalker x4  
  115  20:43  Stalker x3  
  115  20:44  Stalker x2  
  115  20:45  Stalker  
  115  20:46  Stalker  
  111  21:01  Phoenix  
  89  21:20  Stalker x4  
  89  21:21  Stalker x4  
  89  21:22  Stalker x3  
  89  21:23  Stalker x2  
  109  21:43  Stalker x2  
  109  21:44  Stalker x4  
  109  21:45  Stalker x3  
  127  21:58  Assimilator  
  127  22:03  Assimilator  
  127  22:10  Stalker x3  
  127  22:11  Stalker x4  
  127  22:12  Stalker x3  
  125  23:02  Stalker  
  125  23:03  Stalker x5  
  125  23:04  Stalker x4  
  125  23:05  Stalker x3  
  149  23:06  Stalker x5  
  149  23:07  Stalker x3  
  149  23:08  Stalker x2  
  171  24:07  Stalker x4  
  171  24:08  Stalker x4  
  171  24:09  Stalker x2  
  191  24:10  Stalker x3  
  191  24:11  Stalker  
  191  25:49  Stalker x3  
  197  25:50  Stalker  
Show
View Real Time Build Order
Export as new Build Order

tigro Terran - Winner!

Build Orders:  

Get SALT Encoding   

  12  0:02  SCV  
  13  0:14  SCV  
  14  0:26  SCV  
  15  0:36  Supply Depot  
  15  0:57  SCV, Refinery  
  15  0:58  Supply Depot  
  16  1:35  Barracks  
  16  2:03  SCV, Refinery  
  17  2:15  SCV  
  18  2:23  Barracks  
  18  2:27  SCV  
  19  2:30  Marine  
  20  2:40  SCV  
  21  2:48  Marine  
  22  2:52  SCV  
  23  3:06  Marine  
  24  3:13  Factory, SCV  
  24  3:15  Barracks Reactor  
  25  3:24  Marine  
  26  3:42  Marine  
  26  3:44  Orbital Command  
  27  3:52  Command Center  
  27  4:00  Engineering Bay  
  27  4:06  Factory Tech Lab  
  27  4:14  Starport  
  27  4:26  Siege Tank  
  30  4:35  Marine x2  
  33  4:48  Barracks Tech Lab  
  33  4:52  Starport  
  32  4:53  Marine x2  
  32  4:54  Medivac  
  32  4:56  Terran Infantry Weapons Level 1  
  36  5:04  SCV  
  36  5:07  Refinery  
  37  5:11  Marine x2  
  39  5:16  SCV  
  40  5:28  SCV  
  41  5:38  Starport Tech Lab x2  
  41  5:41  SCV  
  42  5:53  SCV  
  43  5:57  Refinery  
  43  6:05  SCV  
  44  6:12  Fusion Core  
  44  6:17  SCV  
  45  6:20  Combat Shield  
  45  6:29  SCV  
  46  6:41  SCV  
  47  6:50  Terran Infantry Armor Level 1  
  47  6:53  SCV  
  48  6:57  Marine x3  
  48  7:00  Armory  
  51  7:05  SCV  
  51  7:06  Weapon Refit  
  52  7:15  Marine x3  
  55  7:17  SCV  
  56  7:29  SCV  
  57  7:32  Marine  
  57  7:33  Marine x2  
  60  7:39  Stimpack  
  60  7:49  Supply Depot  
  60  7:50  Marine x2  
  62  8:10  Marine, Missile Turret  
  62  8:11  Supply Depot, Siege Tank  
  66  8:28  Marine  
  66  8:30  Missile Turret  
  67  8:35  Supply Depot  
  67  8:36  Command Center  
  67  8:42  Thor  
  67  8:44  Hi-Sec Auto Tracking  
  73  8:50  Missile Turret  
  73  8:57  Supply Depot  
  73  9:10  Missile Turret  
  73  9:16  Terran Vehicle Weapons Level 1  
  73  9:34  Missile Turret  
  73  9:41  Terran Infantry Weapons Level 2  
  73  9:57  Refinery  
  73  10:00  Missile Turret  
  72  10:20  Missile Turret  
  72  10:42  Missile Turret  
  72  10:51  Command Center  
  72  11:01  Missile Turret  
  72  11:22  Missile Turret  
  72  11:36  Battlecruiser x2  
  84  11:42  Missile Turret  
  84  11:48  SCV  
  85  11:57  Terran Infantry Armor Level 2  
  85  12:01  SCV  
  86  12:02  Missile Turret  
  86  12:03  SCV  
  86  12:04  Refinery  
  87  12:13  SCV  
  88  12:15  SCV  
  88  12:22  Missile Turret  
  89  12:25  SCV  
  89  12:28  SCV  
  91  12:35  Marine x3  
  94  12:37  SCV  
  94  12:40  Battlecruiser x2, SCV  
  108  12:52  SCV  
  109  13:02  Marine x2  
  99  13:18  Marine  
  100  13:20  Marine x2  
  90  13:35  Marine  
  90  13:37  Marine x2  
  93  13:44  Medivac x2  
  96  13:53  Marine  
  97  13:55  Marine x2  
  97  14:00  Missile Turret  
  99  14:11  Marine  
  99  14:13  Marine, Neosteel Armor  
  101  14:20  Missile Turret  
  101  14:24  Missile Turret  
  96  14:41  Missile Turret  
  96  14:43  Missile Turret  
  55  14:56  Marine  
  55  14:57  Marine x2  
  58  15:00  Missile Turret  
  58  15:07  Medivac x2  
  57  15:11  Thor  
  65  15:14  Marine x3  
  66  15:32  Marine x3  
  69  15:37  Battlecruiser x2  
  81  15:50  Marine x3  
  81  15:53  Terran Infantry Weapons Level 3  
  81  15:54  Thor  
  90  16:08  Marine x3  
  85  16:25  Marine  
  85  16:26  Marine x2  
  88  16:41  Battlecruiser  
  88  16:42  Battlecruiser  
  88  16:43  Marine  
  88  16:44  Marine x2  
  103  17:01  Marine x3  
  98  17:19  Marine x3  
  71  17:37  Marine x3  
  74  17:45  Battlecruiser  
  74  17:46  Battlecruiser  
  86  17:55  Marine  
  87  18:17  Command Center  
  79  18:49  Battlecruiser  
  79  18:50  Battlecruiser  
  91  19:06  Missile Turret  
  91  19:25  Missile Turret  
  91  19:27  Marine x3  
  91  19:31  Refinery  
  94  19:35  Missile Turret  
  94  19:36  Terran Infantry Armor Level 3  
  94  19:44  Marine  
  94  19:45  Marine x2  
  97  19:48  Missile Turret  
  97  19:54  Battlecruiser x2, Missile Turret  
  109  20:01  Refinery  
  109  20:02  Marine x2  
  109  20:03  Marine  
  112  20:07  Missile Turret  
  112  20:13  Missile Turret  
  108  20:28  Missile Turret  
  108  20:33  Missile Turret  
  87  20:53  Missile Turret  
  87  20:58  Battlecruiser  
  87  20:59  Battlecruiser  
  99  21:13  Missile Turret  
  93  22:02  Battlecruiser  
  93  22:03  Battlecruiser  
  105  22:14  Missile Turret  
  105  22:23  SCV  
  106  22:33  Missile Turret  
  106  22:35  SCV  
  107  22:48  SCV  
  108  22:52  Orbital Command  
  108  22:53  Missile Turret  
  108  23:00  SCV  
  109  23:06  Battlecruiser  
  109  23:07  Battlecruiser  
  109  23:12  SCV  
  122  23:13  Missile Turret  
  116  23:34  Missile Turret  
  116  23:54  Missile Turret  
  116  24:11  Battlecruiser  
  116  24:13  Missile Turret  
  122  24:33  Missile Turret  
  122  24:53  Missile Turret  
  122  25:04  Battlecruiser  
  116  25:15  Battlecruiser  
  116  26:42  Refinery  
Show
View Real Time Build Order
Export as new Build Order

MrFercho Zerg - Winner!

Build Orders: Hatch First, Lurkers 

Get SALT Encoding   

  12  0:01  Drone  
  13  0:14  Overlord  
  13  0:18  Drone  
  14  0:32  Drone x2  
  16  0:44  Drone  
  17  1:01  Hatchery, Drone  
  17  1:02  Drone  
  18  1:17  Spawning Pool  
  17  1:24  Drone  
  17  1:25  Drone  
  19  1:32  Drone  
  20  1:53  Drone x2  
  22  2:03  Extractor, Drone  
  21  2:13  Queen  
  23  2:23  Zergling x4  
  23  2:28  Drone x2  
  27  2:36  Roach Warren, Drone x2  
  28  2:49  Overlord x2  
  28  3:08  Drone x4  
  32  3:13  Queen  
  34  3:25  Evolution Chamber  
  33  3:29  Lair  
  33  3:30  Drone x6  
  39  3:50  Drone x3  
  42  4:00  Extractor, Drone x3  
  42  4:02  Extractor  
  43  4:03  Overlord x2  
  43  4:09  Drone  
  44  4:11  Zerg Missile Weapons Level 1  
  44  4:18  Overlord x2  
  44  4:20  Queen  
  46  4:26  Drone x4  
  50  4:32  Hatchery  
  50  4:34  Drone  
  50  4:42  Glial Reconstitution  
  50  4:45  Roach x4  
  58  5:00  Hydralisk Den  
  57  5:11  Drone x7  
  57  5:12  Drone  
  65  5:32  Extractor  
  65  5:34  Drone  
  65  5:41  Drone x6  
  71  5:47  Drone x2  
  73  6:04  Hatchery  
  73  6:10  Hatchery  
  72  6:14  Drone x2  
  72  6:16  Hatchery  
  72  6:17  Drone x7  
  80  6:29  Extractor, Hydralisk  
  80  6:30  Extractor, Hydralisk  
  82  6:33  Overlord  
  82  6:34  Overlord x4  
  82  6:46  Infestation Pit  
  81  6:48  Drone  
  81  6:50  Zerg Missile Weapons Level 2  
  82  6:56  Evolution Chamber  
  82  6:57  Drone x2  
  82  6:58  Drone, Spire  
  83  7:02  Drone x9  
  92  7:26  Spore Crawler  
  91  7:37  Drone x4  
  91  7:38  Drone x8  
  91  7:39  Hatchery  
  91  7:41  Hatchery  
  101  7:46  Overlord x2  
  101  7:51  Muscular Augments  
  101  7:53  Overseer x3  
  101  7:54  Overseer  
  101  8:10  Zerg Ground Armor Level 1  
  101  8:12  Hive  
  101  8:16  Zerg Flyer Weapons Level 1  
  101  8:37  Extractor x2  
  101  8:40  Hydralisk x10  
  101  8:41  Hydralisk x12  
  143  9:02  Grooved Spines  
  143  9:22  Hydralisk  
  143  9:23  Hydralisk x8  
  161  9:24  Overlord  
  161  9:25  Overlord x14  
  161  9:36  Drone  
  162  9:52  Infestor  
  164  9:53  Corruptor x8  
  164  9:54  Corruptor  
  182  10:15  Spore Crawler  
  182  10:18  Spore Crawler  
  180  10:40  Corruptor x6  
  180  10:41  Corruptor x4  
  190  11:36  Greater Spire  
  190  11:42  Hydralisk x6, Spire  
  135  12:09  Lurker Den  
  124  12:33  Hydralisk x8  
  124  12:34  Hydralisk x25  
  124  12:35  Hydralisk x2  
  190  12:48  Zerg Ground Armor Level 2  
  172  13:14  Lurker x6  
  176  13:21  Extractor, Drone x2  
  176  13:22  Extractor, Drone x5  
  176  13:23  Drone x3  
  176  13:24  Drone  
  183  13:43  Hydralisk x8  
  197  14:33  Pneumatized Carapace  
  170  14:51  Seismic Spines  
  170  14:52  Hydralisk x15  
  162  14:53  Hydralisk x5  
  178  15:14  Hydralisk x5  
  178  15:15  Hydralisk x6  
  188  15:34  Brood Lord x4  
  188  15:35  Hydralisk x2  
  200  15:48  Adaptive Talons  
  198  16:01  Corruptor  
  176  16:31  Zerg Missile Weapons Level 3, Zerg Ground Armor Level 3  
  152  16:38  Hydralisk  
  152  16:39  Hydralisk x20  
  159  17:06  Hydralisk x14  
  187  17:14  Metabolic Boost  
  187  17:40  Corruptor x6  
  189  17:55  Lurker x3  
  192  17:59  Hatchery  
  191  18:14  Hatchery, Corruptor x5  
  196  18:32  Adrenal Glands  
  161  19:14  Corruptor x12  
  183  19:20  Zergling x18  
  186  19:39  Zergling x4  
  186  19:40  Zergling x20  
  150  20:38  Hydralisk  
  150  20:39  Hydralisk x20  
  171  20:59  Extractor  
  171  21:00  Extractor  
  157  21:13  Hydralisk x18  
  157  21:14  Hydralisk  
  157  21:16  Extractor  
  190  21:19  Extractor  
  189  21:40  Brood Lord  
  189  21:42  Brood Lord  
  146  22:37  Hydralisk x2  
  146  22:38  Hydralisk x10  
  166  22:46  Spore Crawler x4  
  166  22:48  Spore Crawler x2  
  166  22:51  Spore Crawler x2  
  159  22:53  Corruptor  
  160  23:02  Zergling x22  
  160  23:03  Zergling x14  
  174  23:08  Zerg Melee Weapons Level 1  
  100  24:37  Hatchery  
  96  24:45  Extractor  
  96  24:47  Hatchery  
  96  24:48  Extractor  
  96  24:50  Extractor  
  90  25:00  Hydralisk x17  
  90  25:04  Zergling x8  
  117  26:16  Zergling x16  
  117  26:17  Zergling x50  
  117  26:18  Zergling x30  
  163  26:38  Zergling x18  
Tags
 
Add a new tag
Caveats
  • Supply blocks, unpowered buildings, or Contaminate may cause inaccurate times.
  • Supply counts are checked every 10 seconds.